 Dungeon Crawl Stone Soup version 0.23-a0-171-g5ae17c6 (console) character file.

682067 nht the Conqueror (level 27, -22/267 (273) HPs)
             Began as a Minotaur Berserker on Sept 12, 2018.
             Was the Champion of Makhleb.
             Killed from afar by a Hell Sentinel (48 damage)
             ... with damnation
             ... in Pandemonium on Sept 14, 2018.
             The game lasted 02:18:13 (49527 turns).

nht the Conqueror (Minotaur Berserker)             Turns: 49527, Time: 02:18:13

HP:   -22/267 (273) AC: 41    Str: 29      XL:     27
MP:   41/41         EV: 13    Int:  9 (10) God:    Makhleb [******]
Gold: 7408          SH:  0    Dex:  7 (8)  Spells: 26/26 levels left

rFire    + + .     SeeInvis +   b - +9 executioner's axe (holy)
rCold    + + .     Gourm    .   (shield currently unavailable)
rNeg     + + +     Faith    .   X - +8 gold dragon scales
rPois    +         Spirit   .   R - +2 hat of Awe {rN+++ Str-3 Slay+5}
rElec    .         Reflect  .   Y - scarf {rC+ rF+}
rCorr    .         Harm     .   W - +2 pair of gloves {archery}
MR       ++++.     Clarity  +   U - +2 pair of boots {Fly}
Stlth    ..........             d - amulet of regeneration
HPRegen  0.94/turn              H - ring of Bephie {rF- rN+ MR++ MP+9 Stlth+}
MPRegen  0.27/turn              E - ring "Maehonod" {rF+ rN+ Int+3 SInv Stlth+}

@: confused, flying, very slightly contaminated
A: retaliatory headbutt, horns 2, molten scales 1, clarity, clumsy 1, deformed
body, deterioration 1
}: 5/15 runes: decaying, serpentine, silver, abyssal, demonic
a: Minor Destruction, Lesser Servant of Makhleb, Major Destruction, Greater
Servant of Makhleb, Renounce Religion, Stop Flying


You were in Pandemonium.
You worshipped Makhleb.
Makhleb was exalted by your worship.
You were not hungry.

You visited 11 branches of the dungeon, and saw 49 of its levels.
You visited Pandemonium 1 time, and saw 3 of its levels.
You visited the Abyss 3 times.
You visited 1 bazaar.
You also visited: Trove, Sewer, Ice Cave and Wizlab.

You collected 9838 gold pieces.
You spent 2430 gold pieces at shops.

Inventory:

Hand Weapons
 a - a +9 antimagic executioner's axe
 b - a +9 executioner's axe of holy wrath (weapon)
 c - a +9 vampiric executioner's axe
Missiles
 g - 6 tomahawks of dispersal
 h - 20 poisoned javelins
 l - 5 silver javelins
 n - 41 tomahawks (quivered)
 q - 2 steel javelins
 v - 10 steel tomahawks
 B - 23 poisoned tomahawks
 D - 23 javelins of penetration
 J - 4 throwing nets
 L - 19 javelins
 M - 9 javelins of returning
Armour
 i - the +0 cloak of the Komtur {rC+ rCorr Slay+3}
   (You found it on level 1 of the Orcish Mines)

   It affects your accuracy and damage with ranged weapons and melee attacks
   (+3).
   It protects you from cold.
   It provides partial protection from all sources of acid and corrosion.
 R - the +2 hat of Awe (worn) {rN+++ Str-3 Slay+5}
   (You found it on level 4 of the Depths)

   It affects your strength (-3).
   It affects your accuracy and damage with ranged weapons and melee attacks
   (+5).
   It renders you almost immune to negative energy.
 U - a +2 pair of boots of flying (worn)
 W - a +2 pair of gloves of archery (worn)
 X - +8 gold dragon scales (worn)
 Y - a scarf of resistance (worn)
Jewellery
 d - an amulet of regeneration (around neck)
 E - the ring "Maehonod" (right hand) {rF+ rN+ Int+3 SInv Stlth+}
   (You took it off a deep elf blademaster on level 3 of the Elven Halls)

   [ring of stealth]

   It affects your intelligence (+3).
   It protects you from fire.
   It protects you from negative energy.
   It lets you see invisible.
   It makes you more stealthy.
 H - the ring of Bephie (left hand) {rF- rN+ MR++ MP+9 Stlth+}
   (You found it on level 4 of the Depths)

   [ring of positive energy]

   It makes you vulnerable to fire.
   It protects you from negative energy.
   It affects your resistance to hostile enchantments.
   It affects your magic capacity (+9).
   It makes you more stealthy.
Wands
 j - a wand of disintegration (10)
 k - a wand of iceblast (20)
 u - a wand of digging (49)
 y - a wand of paralysis (80)
 G - a wand of acid (40)
Scrolls
 f - 9 scrolls of magic mapping
 m - 20 scrolls of remove curse
 o - 20 scrolls of identify
 p - 9 scrolls of immolation
 t - 3 scrolls of blinking
 x - 8 scrolls of fear
 F - 15 scrolls of teleportation
 K - 13 scrolls of fog
 S - 8 scrolls of holy word
 T - 2 scrolls of enchant weapon
 V - 3 scrolls of brand weapon
Potions
 e - 3 potions of resistance
 r - 6 potions of might
 s - 5 potions of haste
 w - 8 potions of mutation
 z - 9 potions of heal wounds
 A - 2 potions of ambrosia
 I - 5 potions of agility
 P - 3 potions of invisibility
 Q - 12 potions of curing
 Z - 2 potions of cancellation
Comestibles
 C - 90 rations
 N - 2 chunks of flesh


   Skills:
 O Level 27 Fighting
 O Level 27 Axes
 + Level 18.8 Throwing
 O Level 27 Armour
 - Level 18.0 Dodging
 * Level 13.8 Invocations


You had 26 spell levels left.
You didn't know any spells.
Your spell library contained the following spells:

 Spells                   Type           Power        Failure   Level  Hunger
 Confusing Touch          Hex            #.....       92%         1    ##.....
 Magic Dart               Conj           #...         92%         1    ##.....
 Ensorcelled Hibernation  Hex/Ice        #.....       98%         2    ###....
 Searing Ray              Conj           #.....       98%         2    ###....
 Slow                     Hex            #.......     98%         2    ###....
 Sublimation of Blood     Necr           #.........   98%         2    ###....
 Confuse                  Hex            #.......     100%        3    ####...
 Dazzling Spray           Conj/Hex       #.....       100%        3    ####...
 Gell's Gravitas          Tloc           #.........   100%        3    ####...
 Ignite Poison            Fire/Tmut/Pois #.......     100%        3    ####...
 Force Lance              Conj/Tloc      #.......     100%        4    #####..
 Fulminant Prism          Conj/Hex       #.........   100%        4    #####..
 Iskenderun's Mystic Bla  Conj           #.......     100%        4    #####..
 Leda's Liquefaction      Hex/Erth       #.........   100%        4    #####..
 Olgreb's Toxic Radiance  Pois           #.......     100%        4    #####..
 Petrify                  Tmut/Erth      #.......     100%        4    #####..
 Alistair's Intoxication  Tmut/Pois      #.......     100%        5    ######.
 Irradiate                Conj/Tmut      #.........   100%        5    ######.
 Metabolic Englaciation   Hex/Ice        #.........   100%        5    ######.
 Silence                  Hex/Air        #.........   100%        5    ######.
 Yara's Violent Unravell  Hex/Tmut       #.........   100%        5    ######.


Dungeon Overview and Level Annotations

Branches:
Dungeon (15/15)            Temple (1/1) D:7            Lair (6/6) D:8
  Swamp (4/4) Lair:2        Snake (4/4) Lair:3        Slime (0/5) Lair:6
    Orc (2/2) D:11            Elf (3/3) Orc:2        Vaults (5/5) D:14
  Crypt (3/3) Vaults:2       Tomb (0/3) Crypt:3      Depths (5/5) D:15
   Hell (1/1)                 Zot (0/5) Depths:5
    Dis: Hell:1         Geh: Hell:1         Coc: Hell:1         Tar: Hell:1

Altars:
Ashenzari
Cheibriados
Dithmenos
Elyvilon
Fedhas
Gozag
Hepliaklqana
Kikubaaqudgha
Makhleb
Nemelex Xobeh
Okawaru
Qazlal
Ru
Sif Muna
Trog
Uskayaw
Vehumet
Wu Jian
Yredelemnul
Zin
The Shining One
Beogh
Jiyva

Shops:
D:6 [   D:13 ?   Orc:1 [   Orc:2 [=%=   Elf:1 (   Snake:1 =   Vaults:1 *
Vaults:3 (

Portals:
Hell: Depths:1 Depths:2 Depths:3 Depths:4 Depths:5
Abyss: Depths:4
Pandemonium: Depths:1 Depths:3
Ziggurat: Depths:1
Bazaar: Depths:5

Annotations:
Hell Geryon


Innate Abilities, Weirdness & Mutations

You reflexively headbutt those who attack you in melee.
You have a pair of horns on your head.
You are partially covered in molten scales. (AC +2)
You possess an exceptional clarity of mind.
You are clumsy. (Dex -2)
Armour fits poorly on your strangely shaped body.
Your body sometimes deteriorates upon taking damage.


Message History

The Hell Sentinel roars!
A Hell Sentinel comes into view.
The Hell Sentinel roars!
A Hell Sentinel comes into view.
The Hell Sentinel roars!
You hear a shout!
You hear a roar!
You hear a shout!
A smoke demon comes into view.
The smoke demon gestures at you. Something smites you!
* * * LOW HITPOINT WARNING * * *
A soul eater comes into view. x3
A gelid demonspawn comes into view. It is wielding an enchanted scimitar.
The Hell Sentinel misses you.
The Hell Sentinel hits you but does no damage.
A smoke demon comes into view.
The Hell Sentinel moves out of view.
Found a gate leading to another region of Pandemonium.
You bump into the wall of the weird stuff which makes up Pandemonium.
The Hell Sentinel gestures at you.
The sphere of damnation explodes!
The damnation engulfs you!
You die...

█.. .6█...
█.. 3█.█.
█.3██.3.
.██..3
███.1.
██..3 █
██..██ █.
██.@.█
█..████
██.1.......
█......
███...∩...█
█.█..C


██████████ █...)§ █..... █..... ██.... █.... █.... You could see 2 Hell
Sentinels, 3 soul eaters, a gelid demonspawn and 2 smoke demons.

Vanquished Creatures
  2 pandemonium lords (Pan)
  An ancient lich (Crypt:3)
  A juggernaut (Depths:3)
  Sojobo (Depths:1)
  3 greater mummies (Crypt:2)
  Saint Roka (Vaults:2)
  Boris (Crypt:2)
  Bai Suzhen (Crypt:1)
  A caustic shrike (Depths:3)
  3 golden dragons
  Jory (Crypt:3)
  3 bone dragons
  2 Brimstone Fiends
  A Tzitzimitl (Pan)
  A hellephant (Abyss:3)
  4 liches
  2 Ice Fiends
  7 tentacled monstrosities
  8 titans
  3 deep elf master archers (Elf:3)
  3 quicksilver dragons
  2 deep elf blademasters (Elf:3)
  5 sphinxes
  A tentacled starspawn (Abyss:3)
  An Executioner (Pan)
  4 acid blobs (Depths:1)
  Agnes (Elf:2)
  6 tengu reavers
  4 thorn hunters
  5 revenants
  8 shadow dragons
  2 storm dragons
  A draconian monk (Depths:5)
  The ghost of Wugoju the Warrior, an adept DrWr of Ru (Swamp:1)
  5 azure jellies (Depths:1)
  10 fire giants
  7 deep elf sorcerers
  An iron dragon (Depths:4)
  7 nagarajas
  10 frost giants
  4 corrupters (Pan)
  A draconian knight (Depths:5)
  8 balrugs
  Louise (Elf:3)
  8 cacodemons (Pan)
  15 vault wardens
  3 curse skulls
  A draconian shifter (Abyss:3)
  3 ghouls
  6 deep elf elementalists
  4 reapers
  2 warmongers (Pan)
  6 war gargoyles
  A spriggan defender (Depths:3)
  17 ironheart preservers
  2 blood saints (Pan)
  29 very ugly things
  28 stone giants
  10 deep elf demonologists
  11 vampire knights
  Azrael (D:14)
  Nessos (D:12)
  A green draconian (Depths:5)
  A white draconian (Depths:5)
  9 deep elf annihilators
  3 lorocyprocas
  A yellow draconian (Depths:5)
  A red draconian (Depths:5)
  2 purple draconians (Depths:5)
  A black sun (Pan)
  7 dire elephants (Abyss:3)
  11 spark wasps
  16 blizzard demons
  12 ettins
  An eidolon (Crypt:2)
  A quicksilver dragon zombie (Crypt:3)
  A fire dragon (shapeshifter) (Depths:5)
  Snorg (D:11)
  9 deep elf death magi
  12 deep elf high priests
  A crystal guardian (Vaults:3)
  9 fire dragons
  5 green deaths
  9 jiangshi
  9 death oozes
  3 mummy priests
  13 naga warriors
  3 rakshasas
  19 yaktaur captains
  2 hell beasts
  8 ice dragons
  37 vault guards
  8 great orbs of eyes
  The ghost of HydraWiggins the Fighter, a novice TrSu (D:11)
  2 juggernaut simulacra (Pan)
  14 hydras
  4 catoblepae
  10 alligators
  60 two-headed ogres
  3 ghost crabs
  A shambling mangrove (Swamp:2)
  A quicksilver dragon skeleton (Crypt:2)
  3 death knights
  9 spriggan air magi
  5 centaur warriors
  7 anacondas
  11 death yaks (Lair:6)
  A titan zombie (Crypt:3)
  9 deep troll shamans
  24 dancing weapons
  13 ogre magi
  15 tengu warriors
  11 spriggan berserkers
  6 holy swine (Pan)
  6 shock serpents
  5 orc high priests
  14 deep troll earth magi
  7 vampire magi
  Urug (D:11)
  15 soul eaters
  14 sun demons
  Nergalle (D:12)
  21 deep elf knights
  17 naga sharpshooters
  17 hell knights
  A salamander mystic (Snake:4)
  A wretched star (Abyss:3)
  8 sixfirhies (Pan)
  3 iron trolls
  2 shadow wraiths
  The ghost of derval the Insei, a novice GnTm (D:6)
  2 shadow demons (Pan)
  32 skeletal warriors
  An unseen horror (shapeshifter) (Depths:5)
  An unseen horror (Vaults:1)
  A golden dragon zombie (Crypt:3)
  A spatial maelstrom (Abyss:3)
  8 swamp dragons
  5 spriggan druids
  2 shadow dragon zombies (Crypt:3)
  6 glowing orange brains
  5 gelid demonspawn
  2 infernal demonspawn
  5 flayed ghosts
  2 quicksilver dragon simulacra (Depths:4)
  35 deep trolls
  10 deep elf archers
  12 naga ritualists
  A swamp dragon (shapeshifter) (Vaults:5)
  An iron giant skeleton (Crypt:1)
  An obsidian statue (Depths:5)
  A harpy (shapeshifter) (Vaults:2)
  16 ironbrand convokers
  7 phantasmal warriors
  2 lindwurms (shapeshifter)
  35 orc knights
  4 wizards
  7 mana vipers
  75 deep elf magi
  An orb spider (shapeshifter) (Depths:1)
  61 ugly things
  A wolf spider zombie (Crypt:3)
  10 necromancers
  2 mana vipers (shapeshifter)
  A wolf spider (shapeshifter) (Depths:3)
  6 orc sorcerers
  A shadow dragon skeleton (Crypt:1)
  5 wolf spiders
  4 manticores
  6 cyclopes
  A faun (shapeshifter) (Vaults:5)
  32 black mambas
  A guardian serpent (shapeshifter) (Depths:2)
  5 elephants
  7 salamanders
  9 ice statues
  9 rust devils
  A worldbinder (Abyss:3)
  An apocalypse crab (Abyss:3)
  5 centaur zombies
  4 guardian serpents
  11 fire giant skeletons
  9 smoke demons
  15 vault sentinels
  5 hellions
  10 orange demons
  14 spiny frogs
  22 naga magi
  6 gargoyles
  A storm dragon simulacrum (Vaults:3)
  A shock serpent skeleton (Crypt:1)
  A kobold demonologist (D:13)
  A yaktaur (shapeshifter) (Vaults:1)
  2 rime drakes (D:11)
  2 efreet
  13 ice devils
  7 komodo dragons
  3 tormentors
  A black draconian skeleton (Crypt:1)
  A catoblepas skeleton (Crypt:1)
  4 hellwings
  A harpy zombie (Crypt:1)
  8 freezing wraiths
  2 ancient zymes (Abyss:3)
  26 yaktaurs
  9 demonic crawlers (Pan)
  A meliai (shapeshifter) (Depths:3)
  A meliai (D:13)
  11 trolls
  14 red devils
  7 tengu conjurers
  A queen bee (Lair:2)
  19 hornets
  Prince Ribbit (D:9)
  A wolf spider simulacrum (D:14)
  5 polar bears
  A jumping spider (shapeshifter) (Elf:1)
  9 tyrant leeches
  21 bog bodies
  A raiju (shapeshifter) (Vaults:2)
  6 hippogriffs
  An ettin zombie (Crypt:3)
  An alligator zombie (Crypt:1)
  2 slime creatures (shapeshifter)
  72 slime creatures
  27 blink frogs
  A fire dragon zombie (Crypt:3)
  3 harpy skeletons
  A polar bear (shapeshifter) (Vaults:5)
  4 raiju (Abyss:3)
  A hydra skeleton (Crypt:3)
  An ice dragon zombie (Crypt:3)
  4 flying skulls
  A tarantella (shapeshifter) (Vaults:3)
  8 fire dragon skeletons (Crypt:3)
  7 water elementals
  3 centaur simulacra (D:14)
  A black mamba zombie (Crypt:3)
  15 spriggans
  6 ynoxinuls
  An air elemental (Elf:3)
  An ettin skeleton (Crypt:3)
  36 yaks
  9 shadows
  3 wyverns
  8 wraiths
  A yak (shapeshifter) (Vaults:5)
  2 hogs (shapeshifter)
  7 large abominations
  8 fire elementals
  A human (shapeshifter) (Vaults:2)
  3 vampires
  2 golden eyes (shapeshifter)
  2 basilisks
  6 chaos spawn
  5 hungry ghosts
  4 neqoxecs
  17 vampire mosquitoes
  2 soldier ants
  Menkaure (D:4)
  7 spatial vortices (Abyss:3)
  A yaktaur simulacrum (Vaults:3)
  43 nagas
  12 wargs
  A soldier ant (shapeshifter) (Vaults:2)
  7 insubstantial wisps
  Edmund (D:5)
  A merfolk zombie (Crypt:1)
  A two-headed ogre zombie (Crypt:2)
  9 hell hounds
  14 swamp worms
  20 water moccasins
  7 porcupines
  A floating eye (shapeshifter) (Vaults:2)
  63 orc warriors
  4 swamp drakes
  A spiny frog skeleton (Crypt:3)
  5 sky beasts
  3 black bears
  2 phantoms
  A snapping turtle zombie (Crypt:3)
  A black bear (shapeshifter) (Vaults:2)
  5 ettin simulacra (Depths:4)
  A manticore zombie (Crypt:1)
  30 ogres
  7 ice beasts
  3 necrophages (Crypt:1)
  5 boggarts
  19 centaurs
  3 wolves
  A manticore skeleton (Crypt:1)
  24 crocodiles
  3 big kobolds
  3 earth elementals (Elf:3)
  14 bullfrogs
  A wyvern zombie (D:14)
  A glowing shapeshifter simulacrum (Vaults:2)
  6 small abominations
  A wyvern skeleton (Crypt:2)
  9 scorpions
  27 killer bees
  A polar bear zombie (Crypt:2)
  A troll skeleton (Crypt:1)
  A vampire bat (Abyss:3)
  12 wights
  2 electric eels
  3 howler monkeys
  9 crimson imps
  A spectral centaur (D:6)
  3 quasits
  4 bullfrog zombies
  14 orc wizards
  11 centaur skeletons
  A hound (D:9)
  52 orc priests
  4 bullfrog skeletons
  2 human zombies
  4 jellies
  A gnoll shaman (D:4)
  Terence (D:3)
  6 iguanas
  2 hell rats (Lair:6)
  12 worker ants
  An ogre zombie (Crypt:3)
  A big kobold zombie (Crypt:1)
  A howler monkey zombie (D:6)
  2 worker ant zombies
  16 gnolls
  7 river rats (Lair:6)
  17 adders
  6 shadow imps
  3 white imps (D:14)
  A howler monkey simulacrum (D:6)
  An ufetubus (Abyss:3)
  14 oozes
  An adder skeleton (D:8)
  3 adder zombies
  A worm (D:2)
  5 dart slugs
  14 leopard geckos
  132 orcs
  15 giant cockroaches
  2 goblins (D:1)
  4 hobgoblins
  12 jackals
  20 kobolds
  7 quokkas
  4 ball pythons (Sewer)
  A ball python skeleton (D:4)
  5 bats
  11 frilled lizards
  A giant cockroach zombie (D:5)
  A jackal zombie (D:6)
  A kobold zombie (Crypt:3)
  A leopard gecko skeleton (D:5)
  A quokka zombie (D:5)
  8 rats
  13 briar patches
  A fungus (Lair:3)
  4 plants
2711 creatures vanquished.

Vanquished Creatures (collateral kills)
  Nikola (Snake:2)
  An orc warlord (Orc:1)
  A naga warrior (Snake:2)
  The ghost of Nicwaq the Pandemonic, a journeyman HOMo of Makhleb (Orc:1)
  A hydra (D:13)
  A tengu warrior (D:13)
  2 orc high priests
  5 orc knights
  A cyclops (D:11)
  A salamander (Snake:2)
  A black mamba (Snake:2)
  A naga mage (Snake:2)
  A hippogriff (D:11)
  2 nagas (Snake:2)
  7 orc warriors
  An ice beast (D:13)
  A killer bee (D:13)
  3 orc priests
  An orc wizard (D:11)
  An orc (Orc:2)
34 creatures vanquished.

Vanquished Creatures (others)
  An eldritch tentacle (Swamp:2)
  A deep elf high priest (Elf:3)
  A phantasmal warrior (Depths:5)
  A salamander (Snake:2)
  2 naga magi
  A shadow (Depths:4)
  A naga (Snake:3)
  A boggart (Vaults:2)
  An orc wizard (D:4)
  An orc (Vaults:5)
  A briar patch (Swamp:2)
  11 fungi
  5 plants
28 creatures vanquished.

Grand Total: 2773 creatures vanquished

Notes
Turn   | Place    | Note
-------+----------+-------------------------------------------
     0 | D:1      | nht the Minotaur Berserker began the quest for the Orb.
     0 | D:1      | Reached XP level 1. HP: 19/19 MP: 0/0
   103 | D:1      | Reached XP level 2. HP: 15/26 MP: 1/1
   333 | D:1      | Reached skill level 5 in Axes
   333 | D:1      | Reached XP level 3. HP: 26/31 MP: 2/2
  1122 | D:2      | Reached ** piety under Trog
  1489 | D:3      | Found a basalt altar of Yredelemnul.
  1489 | D:3      | Noticed Terence
  1501 | D:3      | Killed Terence
  1501 | D:3      | Reached XP level 4. HP: 39/39 MP: 3/3
  1798 | D:3      | Reached XP level 5. HP: 45/45 MP: 4/4
  1969 | D:4      | Noticed Menkaure
  1970 | D:4      | Found a bloodstained altar of Trog.
  1977 | D:4      | Killed Menkaure
  1977 | D:4      | Reached XP level 6. HP: 40/51 MP: 5/5
  2246 | D:4      | Reached *** piety under Trog
  2246 | D:4      | Reached XP level 7. HP: 57/57 MP: 6/6
  2296 | D:4      | Found a glowing golden altar of the Shining One.
  2304 | D:4      | Found a snail-covered altar of Cheibriados.
  2309 | D:4      | Found an opulent altar of Gozag.
  2401 | D:4      | Reached skill level 10 in Axes
  2662 | D:5      | Entered Level 5 of the Dungeon
  2804 | D:5      | Noticed Edmund
  2814 | D:5      | Killed Edmund
  2907 | D:5      | Reached XP level 8. HP: 64/64 MP: 7/7
  3618 | D:6      | Found Guus's Armour Shop.
  3678 | D:6      | Reached **** piety under Trog
  3689 | D:6      | Reached XP level 9. HP: 71/71 MP: 8/8
  3950 | D:6      | Found a runed gate.
  3951 | D:6      | Found a runed gate.
  3952 | D:6      | Found a runed gate.
  3953 | D:6      | Noticed derval's ghost (novice GnTm)
  3997 | D:6      | Found a sacrificial altar of Ru.
  4090 | D:6      | Found a glowing drain.
  4107 | Sewer    | Entered a sewer
  4339 | Sewer    | Reached ***** piety under Trog
  4552 | D:6      | Killed derval's ghost
  4552 | D:6      | Reached skill level 5 in Fighting
  4640 | D:7      | Reached skill level 5 in Armour
  4797 | D:7      | Reached skill level 5 in Dodging
  4903 | D:7      | Found a staircase to the Ecumenical Temple.
  4915 | D:7      | Reached skill level 1 in Throwing
  5405 | D:8      | Reached XP level 10. HP: 82/84 MP: 9/9
  5498 | D:8      | Found a shattered altar of Ashenzari.
  5609 | D:8      | Reached skill level 15 in Axes
  5613 | D:8      | Received a gift from Trog
  5634 | D:8      | Gained mutation: You are occasionally teleported next to
                  | monsters. [potion of mutation]
  5634 | D:8      | Gained mutation: You are partially covered in slimy green
                  | scales. (AC +2) [potion of mutation]
  5636 | D:8      | Lost mutation: You are occasionally teleported next to
                  | monsters. [potion of mutation]
  5636 | D:8      | Lost mutation: You are partially covered in slimy green
                  | scales. (AC +2) [potion of mutation]
  5636 | D:8      | Gained mutation: You possess an exceptional clarity of
                  | mind. [potion of mutation]
  5636 | D:8      | Gained mutation: You are partially covered in molten
                  | scales. (AC +2) [potion of mutation]
  5636 | D:8      | Gained mutation: You have an increased reservoir of magic.
                  | (+10% MP) [potion of mutation]
  5660 | D:8      | Found a staircase to the Lair.
  5685 | D:8      | Noticed a cyclops
  5707 | D:8      | Killed a cyclops
  5842 | D:8      | Got a scintillating golden amulet
  6290 | D:9      | Found a stormy altar of Qazlal.
  6290 | D:9      | Found a hide-covered altar of Uskayaw.
  6455 | D:9      | Noticed Prince Ribbit
  6467 | D:9      | Killed Prince Ribbit
  6696 | D:9      | Reached XP level 11. HP: 89/91 MP: 11/11
  6910 | D:10     | Entered Level 10 of the Dungeon
  7034 | D:10     | Identified the amulet of the Lonely Queens {Harm *Drain
                  | +Inv Dex+3 Stlth+} (You found it on level 8 of the Dungeon)
  7164 | D:10     | Noticed a two-headed ogre
  7171 | D:10     | Killed a two-headed ogre
  7185 | D:10     | Noticed a vault guard
  7197 | D:10     | Killed a vault guard
  7247 | D:10     | Found a portal to a secret trove of treasure.
  7335 | D:10     | Received a gift from Trog
  7750 | D:11     | Found a staircase to the Orcish Mines.
  7759 | D:11     | Found a roughly hewn altar of Beogh.
  7975 | D:11     | Noticed Snorg
  7981 | D:11     | Killed Snorg
  8060 | D:11     | Noticed a two-headed ogre
  8069 | D:11     | Killed a two-headed ogre
  8080 | D:11     | Noticed Urug
  8103 | D:11     | Killed Urug
  8129 | D:11     | Found a frozen archway.
  8148 | IceCv    | Entered an ice cave
  8231 | IceCv    | Noticed a white ugly thing
  8237 | IceCv    | Killed a white ugly thing
  8511 | IceCv    | Reached XP level 12. HP: 50/97 MP: 12/12
  8709 | IceCv    | Got a transparent buckler
  8715 | IceCv    | Got jewelled ice dragon scales
  8724 | IceCv    | Got a smoking great mace
  8735 | IceCv    | Identified the +7 ice dragon scales of the Queen {rElec rF-
                  | rC++} (You found it in an ice cave)
  8774 | D:11     | Identified the +2 buckler "Sirghoen" {rC+ Slay+2} (You
                  | found it in an ice cave)
  8779 | D:11     | Identified the +7 great mace of an ossuary {crush, Str+3}
                  | (You found it in an ice cave)
  8964 | D:11     | Found a runed door.
  8969 | D:11     | Noticed HydraWiggins's ghost (novice TrSu)
  8996 | D:11     | Killed HydraWiggins's ghost
  9013 | D:11     | Got a bloodstained trident {venom}
  9328 | Lair:1   | Entered Level 1 of the Lair of Beasts
 10238 | Lair:2   | Found a staircase to the Swamp.
 10473 | Lair:2   | Received a gift from Trog
 10855 | Lair:3   | Noticed a catoblepas
 10864 | Lair:3   | Killed a catoblepas
 11120 | Lair:3   | Found a staircase to the Snake Pit.
 11206 | Lair:3   | Reached XP level 13. HP: 101/105 MP: 13/13
 11283 | Lair:3   | Reached skill level 5 in Throwing
 11719 | Lair:4   | Received a gift from Trog
 13101 | Lair:6   | Entered Level 6 of the Lair of Beasts
 13132 | Lair:6   | Received a gift from Trog
 13409 | Lair:6   | Reached ****** piety under Trog
 13676 | Lair:6   | Reached XP level 14. HP: 115/118 MP: 14/14
 14004 | Lair:6   | Found a viscous altar of Jiyva.
 14005 | Lair:6   | Found a staircase to the Slime Pits.
 14131 | Lair:6   | Received a gift from Trog
 14153 | Lair:6   | Reached skill level 10 in Fighting
 14808 | Orc:1    | Entered Level 1 of the Orcish Mines
 14814 | Orc:1    | Reached skill level 10 in Armour
 14927 | Orc:1    | Found Quufixko's Antique Armour Shoppe.
 15010 | Orc:1    | Found a runed gate.
 15010 | Orc:1    | Noticed Nicwaq's ghost (journeyman HOMo)
 15011 | Orc:1    | Found a runed gate.
 15012 | Orc:1    | Found a runed gate.
 15023 | Orc:1    | Noticed an orc warlord
 15125 | Orc:1    | Found a roughly hewn altar of Beogh.
 15142 | Orc:1    | Killed Nicwaq's ghost
 15149 | Orc:1    | Killed an orc warlord
 15165 | Orc:1    | Got a bloodstained cloak
 15196 | Orc:1    | Identified the cursed +0 cloak of the Komtur {rC+ rCorr
                  | Slay+3} (You found it on level 1 of the Orcish Mines)
 15204 | Orc:1    | Got a translucent bronze ring
 15205 | Orc:1    | Identified the ring "Miesseac" {*Drain MP+9 Str+6} (You
                  | took it off an orc on level 1 of the Orcish Mines)
 15219 | Orc:1    | Got a transparent chain mail
 15228 | Orc:1    | Identified the cursed +1 chain mail of Atheism {rF+ Dex-4
                  | Stlth+} (You took it off an orc warlord on level 1 of the
                  | Orcish Mines)
 15265 | Orc:2    | Entered Level 2 of the Orcish Mines
 15293 | Orc:2    | Received a gift from Trog
 15306 | Orc:2    | Found a roughly hewn altar of Beogh.
 15561 | Orc:1    | Reached skill level 15 in Armour
 15771 | Orc:2    | Found a gateway to a bazaar.
 15786 | Bazaar   | Entered a bazaar
 15798 | Bazaar   | Found Lurghuax's Weapon Shop.
 15806 | Bazaar   | Bought 7 tomahawks of returning for 133 gold pieces
 15827 | Bazaar   | Found Kitay's Antique Weapon Shop.
 15847 | Bazaar   | Found Syklefum's Antique Armour Emporium.
 15856 | Bazaar   | Found Idurav's Jewellery Shop.
 15864 | Bazaar   | Bought the ring "Lylil" {rElec rF+ MP-9 Stlth+} for 275
                  | gold pieces
 15870 | Bazaar   | Found Damyggum's Weapon Shoppe.
 15951 | Bazaar   | Bought the cursed necklace of Bloodlust {*Rage +Rage MR++
                  | Int-3 Slay+6 *Curse} for 761 gold pieces
 15951 | Bazaar   | Found the cursed necklace of Bloodlust {*Rage +Rage MR++
                  | Int-3 Slay+6 *Curse}
 16022 | Orc:2    | Found a staircase to the Elven Halls.
 16123 | Orc:2    | Received a gift from Trog
 16401 | Orc:2    | Reached XP level 15. HP: 126/126 MP: 15/15
 16481 | Orc:2    | Found Mecuza's Armour Shop.
 16484 | Orc:2    | Found Goenuagod's Food Shop.
 16485 | Orc:2    | Found Kiarph Cenee's Jewellery Shop.
 16486 | Orc:2    | Found Yqiynwai's Jewellery Boutique.
 16493 | Orc:2    | Bought a +2 hat for 224 gold pieces
 16499 | Orc:2    | Bought the ring "Gum Ashry" {+Blink SInv} for 435 gold
                  | pieces
 16877 | D:12     | Noticed Nessos
 16906 | D:12     | Killed Nessos
 17193 | D:12     | Noticed Nergalle
 17199 | D:12     | Killed Nergalle
 17393 | D:10     | You paid a toll of 20 potions of curing to enter a treasure
                  | trove
 17394 | Trove    | Entered a treasure trove
 17400 | Trove    | Found the +2 robe of Vines {NoPotionHeal Regen+7}
 17404 | Trove    | Got a fine ruby amulet
 17433 | Trove    | Identified the amulet of Viubb {RegenMP rElec rF- rC+ Str+4
                  | Slay+5} (You found it in a treasure trove)
 17437 | Trove    | Got a pitted ring mail
 17441 | Trove    | Identified the +0 ring mail of Watchfulness {rCorr Str-5
                  | Int+8 SInv} (You found it in a treasure trove)
 17581 | D:13     | Reached skill level 10 in Throwing
 17638 | D:13     | Found Utroeruu's Magic Scroll Shoppe.
 17654 | D:13     | Bought a scroll of identify for 26 gold pieces
 17654 | D:13     | Bought a scroll of teleportation for 39 gold pieces
 17654 | D:13     | Bought a scroll of identify for 26 gold pieces
 17654 | D:13     | Bought a scroll of identify for 26 gold pieces
 17654 | D:13     | Bought a scroll of enchant weapon for 97 gold pieces
 17654 | D:13     | Bought a scroll of identify for 26 gold pieces
 17654 | D:13     | Bought a scroll of brand weapon for 260 gold pieces
 17966 | D:13     | Received a gift from Trog
 17970 | D:13     | Noticed a fire giant
 17980 | D:13     | Killed a fire giant
 18005 | D:13     | Received a gift from Trog
 18480 | D:14     | Received a gift from Trog
 18705 | D:14     | Received a gift from Trog
 18720 | D:14     | Noticed Azrael
 18729 | D:14     | Killed Azrael
 18738 | D:14     | Received a gift from Trog
 18821 | D:14     | Found a gate to the Vaults.
 18881 | D:14     | Received a gift from Trog
 19186 | D:15     | Entered Level 15 of the Dungeon
 19622 | D:15     | Received a gift from Trog
 19646 | D:15     | Found a staircase to the Depths.
 20278 | Snake:1  | Entered Level 1 of the Snake Pit
 20363 | Snake:1  | Reached XP level 16. HP: 135/135 MP: 16/16
 20394 | Snake:1  | Received a gift from Trog
 20744 | Snake:1  | Found Loteh's Jewellery Shoppe.
 21232 | Snake:2  | Noticed Nikola
 21387 | Snake:2  | Killed Nikola
 21948 | Snake:3  | Found a snail-covered altar of Cheibriados.
 21978 | Snake:3  | Received a gift from Trog
 22152 | Snake:3  | Received a gift from Trog
 22551 | Snake:4  | Entered Level 4 of the Snake Pit
 22580 | Snake:4  | Found a bloodstained altar of Trog.
 22593 | Snake:4  | Identified the +0 ring mail "Voujigi" {*Slow +Fly Regen+
                  | Str+5} (You found it on level 4 of the Snake Pit)
 22639 | Snake:4  | Received a gift from Trog
 22837 | Snake:4  | Reached XP level 17. HP: 134/141 MP: 17/17
 22856 | Snake:4  | HP: 6/141 [nagaraja/splash of poison (2)]
 23124 | Snake:4  | Reached skill level 15 in Throwing
 23557 | Snake:4  | Received a gift from Trog
 23682 | Snake:4  | Got a serpentine rune of Zot
 24079 | Swamp:1  | Entered Level 1 of the Swamp
 24163 | Swamp:1  | Found a runed gate.
 24163 | Swamp:1  | Found a runed gate.
 24163 | Swamp:1  | Found a runed gate.
 24169 | Swamp:1  | Noticed Wugoju's ghost (adept DrWr)
 24218 | Swamp:1  | Killed Wugoju's ghost
 25742 | Swamp:3  | Received a gift from Trog
 25742 | Swamp:3  | Reached XP level 18. HP: 151/151 MP: 18/18
 26314 | Swamp:4  | Entered Level 4 of the Swamp
 26539 | Swamp:4  | Paralysed by a hornet for 1 turns
 26598 | Swamp:4  | Received a gift from Trog
 27039 | Swamp:4  | Got a decaying rune of Zot
 27066 | Swamp:4  | Identified the cursed +1 scale mail of Dishonesty {*Drain
                  | rElec Regen+ rCorr} (You found it on level 4 of the Swamp)
 27399 | Elf:1    | Entered Level 1 of the Elven Halls
 27516 | Elf:1    | Found a magical portal.
 27535 | WizLab   | Entered Doroklohe's Tomb
 27673 | WizLab   | Received a gift from Trog
 27789 | WizLab   | Noticed an Ice Fiend
 27793 | WizLab   | Killed an Ice Fiend
 28024 | Elf:1    | Found Kejom's Antique Weapon Shoppe.
 28037 | Elf:1    | Reached skill level 15 in Fighting
 28283 | Elf:1    | Received a gift from Trog
 28724 | Elf:2    | Reached XP level 19. HP: 172/172 MP: 19/19
 28801 | Elf:2    | Found a huge runed gate.
 28801 | Elf:2    | Found a huge runed gate.
 28801 | Elf:2    | Found a huge runed gate.
 28802 | Elf:2    | Found a huge runed gate.
 28804 | Elf:2    | Found a huge runed gate.
 29045 | Elf:2    | Noticed Agnes
 29052 | Elf:2    | Killed Agnes
 29405 | Elf:3    | Entered Level 3 of the Elven Halls
 29405 | Elf:3    | Noticed Louise
 29408 | Elf:3    | Received a gift from Trog
 29413 | Elf:3    | Killed Louise
 29430 | Elf:3    | Found a deep blue altar of Sif Muna.
 29504 | Elf:3    | Received a gift from Trog
 29749 | Elf:3    | Received a gift from Trog
 29833 | Elf:3    | Received a gift from Trog
 29853 | Elf:3    | Received a gift from Trog
 30011 | Elf:3    | Cast into level 3 of the Abyss (a deep elf sorcerer)
 30110 | Abyss:3  | Paralysed by you for 7 turns
 30119 | Abyss:3  | Received a gift from Trog
 30206 | Abyss:3  | Noticed a bone dragon
 30212 | Abyss:3  | Killed a bone dragon
 30219 | Elf:3    | Escaped the Abyss
 30498 | Elf:3    | Received a gift from Trog
 30502 | Elf:3    | Reached XP level 20. HP: 195/195 MP: 21/21
 30523 | Elf:3    | Cast into level 3 of the Abyss (a deep elf sorcerer)
 30580 | Abyss:3  | Found a corrupted altar of Lugonu.
 30610 | Abyss:3  | Got an abyssal rune of Zot
 30615 | Elf:3    | Escaped the Abyss
 30676 | Elf:3    | Identified the ring "Maehonod" {rF+ rN+ Int+3 SInv Stlth+}
                  | (You took it off a deep elf blademaster on level 3 of the
                  | Elven Halls)
 30732 | Elf:3    | Found the +8 orange crystal plate armour {Archmagi, Int+3
                  | Clar}
 30742 | Elf:3    | Got a wavering iron ring
 30748 | Elf:3    | Identified the ring of Jealousy {rF- Str+6 Dex+3 SInv
                  | Stlth+} (You found it on level 3 of the Elven Halls)
 30752 | Elf:3    | Identified the +9 plate armour of Lucidity {*Corrode Str+5
                  | SInv} (You found it on level 3 of the Elven Halls)
 30860 | Elf:3    | Identified the +6 ice dragon scales of Catickeabu {*Drain
                  | rF- rC++ Regen+ Int-3 Dex+10} (You found it on level 3 of
                  | the Elven Halls)
 30867 | Elf:3    | Got a warped chain mail
 30868 | Elf:3    | Identified the +5 chain mail of Knowledge {MP-9 Str+2 Int-2
                  | Dex+5} (You found it on level 3 of the Elven Halls)
 31175 | Vaults:1 | Entered Level 1 of the Vaults
 31307 | Vaults:1 | Received a gift from Trog
 31449 | Vaults:1 | Received a gift from Trog
 31532 | Vaults:1 | Found Esackidu's General Store.
 31539 | Vaults:1 | Received a gift from Trog
 31547 | Vaults:1 | Bought 2 throwing nets for 102 gold pieces
 31727 | Vaults:1 | Received a gift from Trog
 31849 | Vaults:1 | Found a roughly hewn altar of Beogh.
 32330 | Vaults:2 | Noticed Saint Roka
 32342 | Vaults:2 | Killed Saint Roka
 32382 | Vaults:2 | Received a gift from Trog
 32514 | Vaults:2 | Reached XP level 21. HP: 186/209 MP: 22/22
 32671 | Vaults:2 | Paralysed by a vampire knight for 5 turns
 33044 | Vaults:2 | Found a staircase to the Crypt.
 33057 | Vaults:2 | Received a gift from Trog
 33097 | Vaults:2 | Received a gift from Trog
 33280 | Vaults:2 | Paralysed by a great orb of eyes for 5 turns
 33348 | Vaults:2 | Received a gift from Trog
 33862 | Vaults:3 | Received a gift from Trog
 34285 | Vaults:3 | Found Iwomp's Antique Weapon Emporium.
 34300 | Vaults:3 | Received a gift from Trog
 34600 | Vaults:4 | Received a gift from Trog
 35213 | Vaults:4 | Reached XP level 22. HP: 223/223 MP: 23/23
 35726 | Vaults:5 | Entered Level 5 of the Vaults
 35734 | Vaults:5 | Received a gift from Trog
 35811 | Vaults:5 | Received a gift from Trog
 35979 | Vaults:5 | Got a heavily runed golden ring
 35982 | Vaults:5 | Identified the ring "Xuimac" {+Fly Str+6 Dex-3} (You found
                  | it on level 5 of the Vaults)
 36073 | Vaults:5 | Got a silver rune of Zot
 36094 | Vaults:5 | Received a gift from Trog
 36104 | Vaults:5 | Cast into level 2 of the Abyss (a deep elf demonologist)
 36139 | Vaults:5 | Escaped the Abyss
 36154 | Vaults:5 | Got a transparent ivory ring
 36209 | Vaults:5 | Received a gift from Trog
 36220 | Vaults:5 | Identified the ring of Tazuz {*Tele rF+ Stlth+} (You took
                  | it off a vault guard on level 5 of the Vaults)
 36363 | Vaults:5 | Reached XP level 23. HP: 231/236 MP: 24/24
 36370 | Vaults:5 | Received a gift from Trog
 36955 | Vaults:5 | Received a gift from Trog
 36978 | Vaults:5 | Identified Sif Muna's Catalogue of Conjuration and Venom
 37591 | Depths:1 | Entered Level 1 of the Depths
 37600 | Depths:1 | Paralysed by a great orb of eyes for 5 turns
 37630 | Depths:1 | Found a gateway to Hell.
 37722 | Depths:1 | Found the +3 robe of Folly {Archmagi, MR-- Int+5}
 37728 | Depths:1 | Found a runed door.
 37750 | Depths:1 | Noticed Sojobo
 37776 | Depths:1 | Killed Sojobo
 37926 | Depths:1 | Received a gift from Trog
 38020 | Depths:1 | Found a one-way gate leading to the halls of Pandemonium.
 38022 | Depths:1 | Gained mutation: Armour fits poorly on your strangely
                  | shaped body. [a neqoxec]
 38082 | Depths:1 | Found a gateway to a ziggurat.
 38221 | Depths:1 | Reached XP level 24. HP: 236/246 MP: 24/24
 38351 | Depths:1 | Received a gift from Trog
 38659 | Hell     | Entered the Vestibule of Hell
 38659 | Hell     | Noticed Geryon
 38773 | Depths:2 | Received a gift from Trog
 39549 | Depths:2 | Found a runed gate.
 39549 | Depths:2 | Found a runed gate.
 39549 | Depths:2 | Found a runed gate.
 39549 | Depths:2 | Found a runed gate.
 39549 | Depths:2 | Found a runed gate.
 39549 | Depths:2 | Found a runed gate.
 39550 | Depths:2 | Found the +2 Maxwell's thermic engine {flame, freeze}
 39935 | Depths:2 | Reached skill level 27 in Fighting
 40009 | Depths:3 | Received a gift from Trog
 40066 | Depths:3 | Reached skill level 10 in Dodging
 40068 | Depths:3 | Received a gift from Trog
 40445 | Depths:3 | Received a gift from Trog
 40464 | Depths:3 | Reached skill level 27 in Axes
 40511 | Depths:3 | Noticed a juggernaut
 40523 | Depths:3 | Killed a juggernaut
 40667 | Depths:3 | Received a gift from Trog
 40941 | Depths:3 | Reached XP level 25. HP: 254/256 MP: 24/24
 41565 | Depths:4 | Found an opulent altar of Gozag.
 41621 | Depths:4 | Received a gift from Trog
 41644 | Depths:4 | Found an ornate altar of the Wu Jian Council.
 41873 | Depths:4 | Identified the ring "Pouraurph" {rN+ Dex+9} (You found it
                  | on level 4 of the Depths)
 41918 | Depths:4 | Received a gift from Trog
 41927 | Depths:4 | Identified the ring of Bephie {rF- rN+ MR++ MP+9 Stlth+}
                  | (You found it on level 4 of the Depths)
 41938 | Depths:4 | Found a shadowy altar of Dithmenos.
 42045 | Depths:4 | Found a basalt altar of Yredelemnul.
 42046 | Depths:4 | Found a one-way gate to the infinite horrors of the Abyss.
 42059 | Depths:4 | Reached skill level 15 in Dodging
 42159 | Depths:4 | Identified the -1 pair of gloves "Rokhlynn" {Str+7 Dex+5}
                  | (You found it on level 4 of the Depths)
 42527 | Depths:4 | Identified the +2 hat of Awe {rN+++ Str-3 Slay+5} (You
                  | found it on level 4 of the Depths)
 42602 | Depths:5 | Entered Level 5 of the Depths
 42651 | Depths:5 | Reached skill level 27 in Armour
 42733 | Depths:5 | Found a gate to the Realm of Zot.
 42740 | Depths:5 | Received a gift from Trog
 43236 | Depths:5 | Reached XP level 26. HP: 265/265 MP: 24/24
 43244 | Depths:5 | Received a gift from Trog
 43340 | Depths:5 | Found a gateway to a bazaar.
 44562 | Temple   | Entered the Ecumenical Temple
 44682 | Temple   | Fell from the grace of Trog
 44682 | Temple   | Became a worshipper of Makhleb the Destroyer
 44943 | Crypt:1  | Entered Level 1 of the Crypt
 44974 | Crypt:1  | Noticed Bai Suzhen
 44980 | Crypt:1  | Reached skill level 1 in Invocations
 44993 | Crypt:1  | Killed Bai Suzhen
 45012 | Crypt:1  | Reached * piety under Makhleb
 45356 | Crypt:2  | Noticed Boris
 45365 | Crypt:2  | Killed Boris
 45393 | Crypt:2  | Got a slimy graven amulet
 45394 | Crypt:2  | Identified the amulet "Uzxu" {Reflect rPois Str+3 Slay+3
                  | SH+2} (You acquired it on level 2 of the Crypt)
 45522 | Crypt:2  | Reached skill level 5 in Invocations
 45549 | Crypt:2  | Reached ** piety under Makhleb
 45628 | Crypt:2  | Noticed a greater mummy
 45635 | Crypt:2  | Killed a greater mummy
 45650 | Crypt:2  | Noticed a greater mummy
 45659 | Crypt:2  | Killed a greater mummy
 45660 | Crypt:2  | Noticed a greater mummy
 45661 | Crypt:2  | Found the +7 sceptre of Torment
 45666 | Crypt:2  | Killed a greater mummy
 46204 | Crypt:3  | Entered Level 3 of the Crypt
 46382 | Crypt:3  | Reached *** piety under Makhleb
 46574 | Crypt:3  | Noticed Jory
 46587 | Crypt:3  | Killed Jory
 46741 | Crypt:3  | Found an ancient bone altar of Kikubaaqudgha.
 46743 | Crypt:3  | Noticed an ancient lich
 46747 | Crypt:3  | Killed an ancient lich
 47068 | Crypt:3  | Reached **** piety under Makhleb
 47222 | Crypt:3  | Found a staircase to the Tomb.
 47406 | Crypt:3  | Identified the Volume of Hexes and Toxins
 47558 | Crypt:3  | Identified the +3 scale mail "Otecuan" {Str+3 Int-4 Slay+2}
                  | (You took it off a skeletal warrior on level 3 of the
                  | Crypt)
 47993 | Pan      | Entered Pandemonium
 47996 | Pan      | Reached skill level 10 in Invocations
 48000 | Pan      | Noticed Paelale the pandemonium lord
 48001 | Pan      | Gained mutation: You are clumsy. (Dex -2) [a cacodemon]
 48143 | Pan      | Reached XP level 27. HP: 272/272 MP: 32/32
 48192 | Pan      | Killed Paelale the pandemonium lord
 48197 | Pan      | Lost mutation: You have an increased reservoir of magic.
                  | (+10% MP) [a cacodemon]
 48200 | Pan      | Reached ***** piety under Makhleb
 48966 | Pan      | Noticed Buitegg the pandemonium lord
 49151 | Pan      | Killed Buitegg the pandemonium lord
 49387 | Pan      | Reached ****** piety under Makhleb
 49413 | Pan      | Got a demonic rune of Zot
 49502 | Pan      | Gained mutation: Your body sometimes deteriorates upon
                  | taking damage. [a neqoxec]
 49527 | Pan      | Killed from afar by a Hell Sentinel

Vault maps used:
D:1:      nzn_arrival_water_spiral, minivault_14
D:2:      serial_bayou, serial_bayou_lagoon_a, serial_bayou_lake_a,
          serial_bayou_pond_e, serial_bayou_pond_e, serial_bayou_shore_b,
          minmay_misc_feat_square
D:3:      lemuel_crystal_altar, first_ration, uniq_terence
D:4:      minmay_overflow_temple_star_quad, bloody_trog, uniq_menkaure
D:5:      uniq_edmund
D:6:      nicolae_ru_the_path_less_chosen, portal_sewer_entry_f,
          gammafunk_ghost_necromancy, serial_shops, nicolae_shop_stone
D:7:      minmay_temple_entry_from_below_a
D:8:      ashenzari_altar_1, minmay_lair_entry_grove
D:9:      chequers_temple_overflow_statue_of_worship,
          hangedman_little_slice_of_home, uniq_prince_ribbit1
D:10:     enter_trove_5, grunt_decor_arrowhead, lightli_minifort
D:11:     minmay_orc_entry_temple_small, ebering_ghost_funeral_grove,
          portal_ice_cave_rime, uniq_urug, uniq_snorg
D:12:     uniq_nessos, uniq_nergalle
D:13:     minmay_connected_boxes_in_corner, serial_shops, shop
D:14:     lightli_vaults_fourway_checkpoint, minmay_misc_feat_room, serial_ice,
          serial_ice_m, serial_ice_d, serial_ice_a, serial_ice_l, serial_ice_e,
          serial_ice_h, serial_ice_g, serial_ice_b, uniq_azrael
D:15:     grunt_enter_depths_magical_seal
Temple:   nicolae_temple_figure_eight
Lair:2:   nicolae_swamp_entry_splash_gauntlet, special_room
Lair:3:   minmay_snake_entry_six_corridors
Lair:4:   patterned_corridor, lemuel_fruit_tree
Lair:5:   grunt_megastairs_4
Lair:6:   evilmike_catoblepas_cave, dpeg_slime_entry_enclosed_altar,
          kennysheep_rathole, infiniplex_staircase_pool
Swamp:1:  ebering_ghost_rock_garden, evilmike_swamp_ruin_house_2
Swamp:2:  nicolae_swamp_very_dense_foliage
Swamp:3:  nicolae_swamp_stair_fork, swamp_pool1
Swamp:4:  swamp_vile
Snake:1:  serial_shops, nicolae_shop_behind_doors, spider_trap
Snake:2:  st_stairs_6, uniq_nikola
Snake:3:  basic_altar, grunt_ministairs_13
Snake:4:  snake_pit, basic_altar
Orc:1:    serial_shops, nicolae_shop_behind_doors, biasface_ghost_orc_armoury
Orc:2:    st_orc_pillars, serial_shops, bzr_in_the_mist,
          david_defended_altar_orc
Elf:1:    mu_enter_wizlab_4, serial_shops, shop, serial_corexii_hall,
          corexii_hall_statues_s, corexii_hall_statues_t, evilmike_minifort
Elf:2:    uniq_agnes
Elf:3:    minmay_elf_hall_statues, basic_altar, uniq_louise
Vaults:1: v_misc_13, v_misc_9, nicolae_vaults_disjoint_gnomons,
          nicolae_vaults_circle_grid_b, special_room_vaults,
          vaults_mumra_hexcomb, vaults_mumra_chevron, v_misc_28,
          grunt_vaults_hallway_short, hangedman_vaults_locks,
          nicolae_vaults_big_angled_halls, nicolae_vaults_sealed_display,
          nicolae_vaults_theta, serial_shops, shop
Vaults:2: st_check, vaults_dpeg_doors, minmay_crypt_entry_simple_box,
          ontoclasm_vaults_eye, v_alt_pattern_3, v_misc_9, vaults_dpeg_ring,
          nicolae_vaults_specimen_jars, uniq_saint_roka
Vaults:3: v_misc_5, nicolae_vaults_big_angled_halls,
          nicolae_vaults_c_with_doors, vaults_dpeg_encased_lava,
          vaults_room_hallway, v_misc_27, hangedman_vaults_stagger, v_misc_18,
          vaults_dpeg_spiral, nicolae_vaults_little_squares_1, serial_shops,
          shop
Vaults:4: grunt_vaults_swirl, hangedman_vaults_stream, nicolae_vaults_triangles,
          vaults_room_large_hall, vaults_room_door_hall, v_rooms_3,
          ontoclasm_vaults_loading_screen, ontoclasm_vaults_chip
Crypt:1:  st_stairs_14, grunt_crypt_arrival_webbed, uniq_bai_suzhen
Crypt:2:  minmay_guarded_unrand_sceptre_of_torment, palyth_stone_intersect,
          grunt_ministairs_14, uniq_boris
Crypt:3:  quadcrypt_mu, uniq_jory
Depths:1: enter_ziggurat_f, rand_demon_pan_entry_7, minmay_misc_feat_pillars,
          hell_entry, minmay_acid_items, grunt_megastairs_1, uniq_sojobo
Depths:2: hourglass_vault, hell_entry, brannock_guarded_unrand_thermic_engine,
          serial_bayou_shore_a
Depths:3: kennysheep_large_vault, hellmouth_1, rand_demon_pan_entry_3,
          roderic_serpentine_path
Depths:4: grunt_profane_halls, hell_entry, abyss_entry
Depths:5: grunt_zot_entry_hairpin, hell_entry, serial_shops, statue_bzr,
          serial_sigils_hangedman_confine
Abyss:2:  evilmike_abyss_exit_15
Pan:      evilmike_mini_pan_diamond, reaverb_pan_figure_eight,
          grunt_pan_frozen_over, pan_captured_pigsty, nicolae_pan_hourglass,
          pan_blood_fountain
Bazaar:   bazaar_jpeg_ninerooms_1
Trove:    trove_simple
Sewer:    sewer_frog_island_02
IceCv:    ice_cave_statue_garden_chambered
WizLab:   wizlab_doroklohe

Skill      XL: |  1  2  3  4  5  6  7  8  9 10 11 12 13 14 15 16 17 18 19 20 21 22 23 24 25 26 27 |
---------------+----------------------------------------------------------------------------------+-----
Axes           | 4 5 6 7 8 9 11 13 14 16 19 21 22 24 25 26 27 | 27.0
Fighting       | 4 6 7 9 10 11 16 20 22 24 25 26 27 | 27.0
Armour         | 3 5 7 9 17 18 19 21 23 24 25 27 | 27.0
Dodging        | 5 8 12 16 17 18 | 18.0
Throwing       | 2 4 8 9 12 14 16 17 18 | 18.8
Invocations    | 10 13 | 13.8

Action                   |  1- 3 |  4- 6 |  7- 9 | 10-12 | 13-15 | 16-18 | 19-21 | 22-24 | 25-27 || total
-------------------------+-------+-------+-------+-------+-------+-------+-------+-------+-------++-------
Melee: Hand axe          |    76 |    88 |   356 |     8 |       |       |       |       |       ||   528
       Headbutt          |    11 |    15 |    54 |    99 |   178 |   200 |   241 |   292 |   252 ||  1342
       Executioner's axe |       |       |       |   546 |   479 |  1050 |  1102 |  1068 |  1105 ||  5350
       Unarmed           |       |       |       |     9 |       |       |       |       |       ||     9
       Great mace        |       |       |       |     1 |    74 |       |       |       |       ||    75
       Battleaxe         |       |       |       |       |   383 |       |       |       |       ||   383
Throw: Tomahawk          |       |       |       |    30 |    24 |   139 |   101 |       |    70 ||   364
       Javelin           |       |       |       |     7 |     1 |     9 |    31 |    34 |    96 ||   178
Invok: Berserk           |     2 |     3 |     6 |     6 |     3 |     4 |       |       |       ||    24
       Trog's Hand       |       |       |       |     2 |     3 |     2 |     2 |     2 |       ||    11
       Brothers in Arms  |       |       |       |     3 |     1 |     1 |       |       |       ||     5
Evoke: Wand              |       |       |       |    60 |    24 |    42 |       |     2 |       ||   128
  Use: Scroll            |     5 |     2 |     7 |    14 |    21 |    12 |    12 |     8 |    38 ||   119
       Potion            |       |       |     3 |     8 |     1 |     3 |       |       |     1 ||    16
 Stab: Paralysed         |       |       |       |     7 |     2 |       |       |       |       ||     9
       Distracted        |       |       |       |     1 |       |     1 |       |     1 |       ||     3
       Invisible         |       |       |       |     4 |       |       |       |       |       ||     4
       Petrified         |       |       |       |       |     6 |       |       |       |       ||     6
       Petrifying        |       |       |       |       |     1 |       |       |       |       ||     1
       Confused          |       |       |       |       |       |     1 |       |       |       ||     1
  Eat: Chunk             |     2 |     6 |    18 |    28 |    30 |    22 |    23 |    16 |    13 ||   158
       Ration            |       |       |       |       |     4 |     3 |       |     1 |     5 ||    13
Armor: Animal skin       |    11 |       |       |       |       |       |       |       |       ||    11
       Plate armour      |     4 |    67 |    28 |   235 |       |       |       |       |       ||   334
       Ring mail         |       |       |    92 |       |       |       |       |       |       ||    92
       Skin              |       |       |     5 |     2 |     9 |       |       |       |       ||    16
       Ice dragon scales |       |       |       |   146 |   566 |   839 |   560 |   715 |   299 ||  3125
       Gold dragon scale |       |       |       |       |       |       |       |       |   543 ||   543
Dodge: Dodged            |    43 |    24 |   175 |   282 |   495 |   541 |   434 |   520 |   692 ||  3206
Block: Buckler           |       |       |       |     1 |       |       |       |       |       ||     1

Table legend:
 A = Non-vault XP
 B = Vault XP
 C = Vault XP percentage of total XP
 D = Non-vault monster count
 E = Vault monster count
 F = Vault count percentage of total count
                 A         B        C        D         E       F
            +---------+---------+-------+---------+---------+-------
      Total |  692967 |  917370 |  57.0 |    1521 |    1193 |  44.0
            +---------+---------+-------+---------+---------+-------
        D:1 |      56 |       0 |   0.0 |      19 |       0 |   0.0
        D:2 |      30 |       0 |   0.0 |       9 |       0 |   0.0
        D:3 |     118 |      36 |  23.4 |      20 |       1 |   4.8
        D:4 |     593 |     169 |  22.2 |      32 |       1 |   3.0
        D:5 |    1064 |     158 |  12.9 |      23 |       1 |   4.2
        D:6 |     830 |     842 |  50.4 |      20 |      10 |  33.3
        D:7 |    1261 |       0 |   0.0 |      24 |       0 |   0.0
        D:8 |    1861 |    2030 |  52.2 |      31 |      13 |  29.5
        D:9 |    1195 |     458 |  27.7 |      16 |       9 |  36.0
       D:10 |    2634 |    1497 |  36.2 |      20 |       2 |   9.1
       D:11 |    2826 |    4712 |  62.5 |      21 |      17 |  44.7
       D:12 |    2727 |    2138 |  43.9 |      23 |       2 |   8.0
       D:13 |    9171 |    6968 |  43.2 |      43 |      20 |  31.7
       D:14 |    5470 |   10362 |  65.4 |      28 |      31 |  52.5
       D:15 |    7307 |    4589 |  38.6 |      23 |       9 |  28.1
     Lair:1 |    1834 |       0 |   0.0 |       9 |       0 |   0.0
     Lair:2 |    5062 |    3020 |  37.4 |      23 |      30 |  56.6
     Lair:3 |    2552 |    1254 |  32.9 |       9 |       8 |  47.1
     Lair:4 |    3126 |       0 |   0.0 |      12 |       0 |   0.0
     Lair:5 |    3608 |    1139 |  24.0 |      12 |       4 |  25.0
     Lair:6 |   15341 |   11676 |  43.2 |      46 |      33 |  41.8
    Swamp:1 |   11828 |    1957 |  14.2 |      22 |       1 |   4.3
    Swamp:2 |   20028 |       0 |   0.0 |      36 |       0 |   0.0
    Swamp:3 |   12530 |       0 |   0.0 |      33 |       0 |   0.0
    Swamp:4 |   13476 |   20275 |  60.1 |      33 |      30 |  47.6
    Snake:1 |   13052 |       0 |   0.0 |      28 |       0 |   0.0
    Snake:2 |   20753 |    3423 |  14.2 |      45 |       2 |   4.3
    Snake:3 |    9665 |    2436 |  20.1 |      19 |       5 |  20.8
    Snake:4 |   20896 |   33434 |  61.5 |      36 |      48 |  57.1
      Orc:1 |    3463 |    3024 |  46.6 |      25 |      14 |  35.9
      Orc:2 |   10543 |   11785 |  52.8 |      45 |      72 |  61.5
      Elf:1 |   13050 |   10400 |  44.3 |      26 |      16 |  38.1
      Elf:2 |    4542 |   23660 |  83.9 |       8 |      29 |  78.4
      Elf:3 |   31890 |   45916 |  59.0 |      53 |      30 |  36.1
   Vaults:1 |   29297 |   23463 |  44.5 |      52 |      63 |  54.8
   Vaults:2 |   40164 |   28787 |  41.7 |      79 |      28 |  26.2
   Vaults:3 |   13543 |   27442 |  67.0 |      33 |      33 |  50.0
   Vaults:4 |   26486 |   24477 |  48.0 |      46 |      45 |  49.5
   Vaults:5 |   36002 |  148975 |  80.5 |      54 |     109 |  66.9
    Crypt:1 |   20119 |    5489 |  21.4 |      38 |       2 |   5.0
    Crypt:2 |   25876 |   27447 |  51.5 |      31 |       8 |  20.5
    Crypt:3 |       0 |   68126 | 100.0 |       0 |      82 | 100.0
   Depths:1 |   45060 |   45883 |  50.5 |      60 |      30 |  33.3
   Depths:2 |   23390 |   28155 |  54.6 |      30 |      28 |  48.3
   Depths:3 |   50782 |   68272 |  57.3 |      58 |      54 |  48.2
   Depths:4 |    6319 |  102911 |  94.2 |      13 |     129 |  90.8
   Depths:5 |   32460 |   23882 |  42.4 |      31 |      16 |  34.0
       Hell |     309 |       0 |   0.0 |       1 |       0 |   0.0
    Abyss:3 |   12766 |   15663 |  55.1 |      28 |      17 |  37.8
        Pan |   76012 |   54866 |  41.9 |      95 |      43 |  31.2
      Sewer |       0 |     343 | 100.0 |       0 |      39 | 100.0
      IceCv |       0 |    3089 | 100.0 |       0 |      11 | 100.0
     WizLab |       0 |   12742 | 100.0 |       0 |      18 | 100.0
            +---------+---------+-------+---------+---------+-------
